 Dungeon Crawl Stone Soup version 0.19.1 (webtiles) character file.

151838 JeffiDaFish the Protected (level 17, -1/118 HPs)
             Began as a Gargoyle Fighter on Dec 14, 2016.
             Was the Champion of Makhleb.
             Incinerated by a smoke demon (6 damage)
             ... with a sticky flame
             ... while paralysed by an orc sorcerer
             ... on level 2 of the Orcish Mines.
             The game lasted 01:02:16 (20807 turns).

JeffiDaFish the Protected (Gargoyle Fighter)       Turns: 20807, Time: 01:02:17

Health: -1/118     AC: 30    Str: 23    XL:     17   Next: 56%
Magic:  28/28      EV:  2    Int: 12    God:    Makhleb [******]
Gold:   2731       SH:  0    Dex: 19    Spells: 2 memorised, 21 levels left

rFire  . . .     SeeInvis +     D - +6 demon whip "Plog" {flame, rElec Dex+2 Stlth+}
rCold  . . .     Gourm    .     j - +1 plate armour
rNeg   + . .     Faith    .     N - +0 large shield
rPois  ∞         Spirit   .     A - +2 hat {SInv}
rElec  +         Reflect  .     r - +2 cloak
rCorr  .         Harm     .     (no gloves)
MR     +....                    a - +2 pair of boots
Stlth  ..........               x - amulet of regeneration
                                s - +2 ring of intelligence (curse)
                                M - +5 ring of dexterity

@: paralysed, liquid flames, corroded, flying, glowing, heavily drained
A: big wings, negative energy resistance 1, robust 1, electricity resistance,
unbreathing, petrification resistance, rot immunity, AC +12
a: Stop Flying, Minor Destruction, Lesser Servant of Makhleb, Major Destruction,
Greater Servant of Makhleb, Renounce Religion


You were on level 2 of the Orcish Mines.
You worshipped Makhleb.
Makhleb was exalted by your worship.
You were not hungry.

You visited 4 branches of the dungeon, and saw 24 of its levels.
You also visited: Bailey, Ice Cave and Volcano.

You collected 2731 gold pieces.

Inventory:

Hand Weapons
 b - a +8 flail of protection
 D - the +6 demon whip "Plog" (weapon) {flame, rElec Dex+2 Stlth+}
   (You acquired it on level 5 of the Lair of Beasts)

   It has been specially enchanted to burn those struck by it, causing extra
   injury to most foes and up to half again as much damage against particularly
   susceptible opponents.
   It affects your dexterity (+2).
   It insulates you from electricity.
   It makes you more stealthy.
Armour
 a - a +2 pair of boots (worn)
 j - a +1 plate armour (worn)
 r - a +2 cloak (worn)
 A - a +2 hat of see invisible (worn)
 N - a +0 large shield (worn)
Jewellery
 s - a cursed +2 ring of intelligence (right hand)
 x - an amulet of regeneration (around neck)
 M - a +5 ring of dexterity (left hand)
Scrolls
 d - 4 scrolls of amnesia
 e - 6 scrolls of teleportation
 h - 13 scrolls of identify
 i - 13 scrolls of remove curse
 o - a scroll of enchant armour
 q - 3 scrolls of recharging
 v - 2 scrolls of fear
 y - 4 scrolls of fog
 z - 5 scrolls of magic mapping
 E - a scroll of summoning
 K - a scroll of blinking
Potions
 k - 2 potions of brilliance
 n - a potion of might
 t - 3 potions of agility
 u - a potion of magic
 w - 2 potions of cure mutation
 B - 2 potions of haste
 G - 2 potions of curing
 H - 2 potions of berserk rage
 L - a potion of resistance
Books
 C - a book of the Earth

   Spells                             Type                      Level
   a - Leda's Liquefaction            Hexes/Earth                  4
   b - Bolt of Magma                  Conjuration/Fire/Earth       5
   c - Statue Form                    Transmutation/Earth          6
   d - Iron Shot                      Conjuration/Earth            6
   e - Shatter                        Earth                        9
 F - a book of Power

   Spells                             Type                      Level
   a - Fulminant Prism                Conjuration/Hexes            4
   b - Iskenderun's Mystic Blast      Conjuration                  4
   c - Venom Bolt                     Conjuration/Poison           5
   d - Bolt of Magma                  Conjuration/Fire/Earth       5
   e - Iron Shot                      Conjuration/Earth            6
   f - Orb of Destruction             Conjuration                  7
   g - Spellforged Servitor           Conjuration/Summoning        7
Miscellaneous
 I - a lamp of fire
Comestibles
 f - 18 bread rations
 g - 2 royal jellies
 l - 7 beef jerkies
 m - 6 meat rations
 p - 7 fruits
 J - a slice of pizza


   Skills:
 * Level 12.6(11.1) Fighting
   Level 11.0(9.5) Long Blades
 * Level 12.5(10.9) Maces & Flails
 * Level 13.4(11.9) Armour
 - Level 0.2(0.0) Dodging
 * Level 13.4(11.9) Shields
 + Level 7.4(6.0) Spellcasting
 + Level 8.6(7.2) Conjurations
 + Level 9.3(7.9) Earth Magic


You had 21 spell levels left.
You knew the following spells:

 Your Spells              Type           Power        Failure   Level  Hunger
a - Stone Arrow           Conj/Erth      ###...       97%         3    ###....
b - Iron Shot             Conj/Erth      ###.......   100%        6    #######


Dungeon Overview and Level Annotations

Branches:
Dungeon (15/15)            Temple (1/1) D:4            Lair (6/6) D:10
  Swamp (0/4) Lair:3        Snake (0/4) Lair:2        Slime (0/5) Lair:5
    Orc (2/2) D:10            Elf (0/3) Orc:2        Vaults (0/5) D:13
 Depths (0/5) D:15

Altars:
Cheibriados
Dithmenos
Elyvilon
Fedhas
Gozag
Makhleb
Okawaru
Ru
Trog
Uskayaw
Vehumet
Xom
Yredelemnul
Zin
The Shining One
Jiyva

Shops:
D:7 [

Annotations:
D:7 exclusion: statue
Lair:4 exclusion: 2 oklob plants
Lair:5 exclusion: oklob plant
Lair:6 exclusion: oklob plant


Innate Abilities, Weirdness & Mutations

You are resistant to torment.
Your stone body is resilient. (AC +12)
You are immune to poison.
Your large and strong wings let you fly indefinitely.
You resist negative energy. (rN+)
You are resistant to electric shocks. (rElec)
You can survive without breathing.
You are immune to petrification.
You are immune to rotting.
You are robust. (+10% HP)


Message History

You block the orc sorcerer's attack. The smoke demon gestures at you.
Something smites you!
* * * LOW HITPOINT WARNING * * *
You are too injured to fight recklessly!
You are too injured to fight recklessly!
You hit the orc sorcerer. You burn the orc sorcerer.
The orc sorcerer is almost dead.
You are covered in liquid flames!
* * * LOW HITPOINT WARNING * * *
The orc sorcerer gestures at you while chanting.
The bolt of negative energy hits you! You partially resist.
You feel drained.
* * * LOW HITPOINT WARNING * * *
The smoke demon gestures at you. Something smites you!
* * * LOW HITPOINT WARNING * * *
The orc sorcerer points at you and mumbles some strange words.
You suddenly lose the ability to move!
You are covered in liquid flames!
You die...

#.##.....##.#...###
#.........###.## #
#§≈.....≈≈######
≈≈≈##≈...≈##≈≈§§§####
≈≈≈##≈...≈##≈≈≈≈§§≈≈#
#≈§≈≈§§)≈≈≈§###§≈≈≈≈#
##≈≈..)≈≈### #≈≈≈≈
#§§..§§≈# ###
##≈.@§≈## #§ooo§#
#≈.o3≈# #O3..o#
.o..8... ..........
........§...
≈≈≈≈≈≈≈≈§§≈≈≈


You could see 2 smoke demons, 2 orc sorcerers, an ogre, an orc wizard and 3
orcs.

Vanquished Creatures
  Kirke (D:13)
  Gastronok (Lair:3)
  Agnes (D:14)
  2 orc warlords
  A frost giant (IceCv)
  Louise (D:15)
  Josephine (D:15)
  A fire dragon (Lair:6)
  A rakshasa (D:15)
  Fannar (D:11)
  A vault guard (D:13)
  9 hydras
  2 catoblepae
  Erica (Orc:1)
  10 death yaks
  3 centaur warriors
  An ogre mage (D:15)
  A tengu warrior (D:14)
  Urug (D:10)
  The ghost of nefhilion the Thaumaturge, a journeyman SpEE of Dithmenos (Lair:3)
  A sun demon (Volcano)
  A deep elf knight (D:13)
  A hell knight (Volcano)
  An unseen horror (shapeshifter) (D:13)
  An unseen horror (D:10)
  13 hill giants
  Pikel (D:6)
  A lindwurm (shapeshifter) (D:15)
  2 orc knights
  6 cyclopes
  2 orc sorcerers (Orc:2)
  14 ugly things
  A salamander (shapeshifter) (D:13)
  3 deep elf magi
  3 manticores
  3 centaur zombies
  Joseph (D:7)
  10 elephants
  2 black mambas
  2 torpor snails (Lair:5)
  An ice statue (IceCv)
  14 spiny frogs
  2 gargoyles
  3 kobold demonologists (D:15)
  12 komodo dragons
  6 rime drakes
  6 trolls
  3 two-headed ogres
  16 polar bears
  A troll (shapeshifter) (D:15)
  A hornet (D:9)
  7 slime creatures
  9 blink frogs
  10 hippogriffs
  A spriggan (shapeshifter) (D:15)
  7 wraiths
  2 wyverns
  A wyvern (shapeshifter) (D:13)
  2 shadows
  58 yaks
  3 hogs (D:13)
  2 yaks (shapeshifter) (D:15)
  4 basilisks
  3 steam dragons
  Eustachio (D:6)
  7 hungry ghosts
  4 vampire mosquitoes (D:15)
  3 wargs
  A mottled dragon (Lair:6)
  7 water moccasins
  2 nagas (Lair:2)
  An ice beast (shapeshifter) (D:15)
  2 hell hounds (Volcano)
  21 orc warriors
  10 porcupines
  3 black bears
  3 ice beasts
  A sky beast (D:9)
  2 swamp drakes (Lair:6)
  2 phantoms (D:8)
  A necrophage (D:8)
  16 ogres
  3 boggarts (D:15)
  14 centaurs
  44 wolves
  20 crocodiles
  5 big kobolds
  19 bullfrogs
  2 gnoll sergeants
  A water moccasin zombie (D:11)
  7 scorpions
  4 killer bees (D:7)
  3 wights (D:7)
  2 electric eels
  5 crimson imps
  4 howler monkeys
  A quasit (D:6)
  10 hounds
  3 jellies
  2 centaur skeletons
  9 orc priests
  6 bullfrog zombies
  24 orc wizards
  3 bullfrog skeletons
  Ijyb (D:3)
  5 iguanas
  6 worker ants
  A hound skeleton (D:4)
  A howler monkey zombie (D:9)
  11 gnolls
  A howler monkey skeleton (D:10)
  13 adders
  3 shadow imps
  An adder skeleton (D:9)
  An adder zombie (D:6)
  5 worms
  2 dart slugs
  4 leopard geckos
  54 orcs
  2 ball pythons (D:5)
  12 giant cockroaches
  17 goblins
  7 hobgoblins
  5 jackals
  9 quokkas
  9 bats
  6 frilled lizards
  38 kobolds
  A leopard gecko zombie (D:9)
  6 rats
  A fungus (Lair:4)
  A plant (D:10)
785 creatures vanquished.

Vanquished Creatures (others)
  A shadow (D:13)
  A boggart (D:15)
  A centaur (D:13)
  An orc wizard (Orc:2)
  An iguana (Lair:6)
  3 gnolls (D:6)
  2 jackals (D:6)
  17 fungi
  8 plants
35 creatures vanquished.

Grand Total: 820 creatures vanquished

Notes
Turn   | Place    | Note
-------+----------+-------------------------------------------
     0 | D:1      | JeffiDaFish the Gargoyle Fighter began the quest for the Orb.
     0 | D:1      | Reached XP level 1. HP: 14/14 MP: 1/1
   126 | D:1      | Reached XP level 2. HP: 19/19 MP: 2/2
   540 | D:1      | Reached XP level 3. HP: 23/23 MP: 3/3
  1005 | D:2      | Reached XP level 4. HP: 27/29 MP: 4/4
  1675 | D:3      | Gained mutation: You are dopey. (Int -2) [potion of mutation]
  1675 | D:3      | Gained mutation: You expend magic power (3 MP) to strengthen your wands. [potion of mutation]
  1675 | D:3      | Gained mutation: You are partially covered in yellow scales. (AC +2) [potion of mutation]
  1677 | D:3      | Noticed Ijyb
  1704 | D:3      | Killed Ijyb
  1705 | D:3      | Reached XP level 5. HP: 30/33 MP: 5/5
  2319 | D:4      | Found a glowing silver altar of Zin.
  2362 | D:4      | Reached XP level 6. HP: 31/38 MP: 6/6
  2564 | D:4      | Found a staircase to the Ecumenical Temple.
  2572 | Temple   | Entered the Ecumenical Temple
  2581 | Temple   | Became a worshipper of Makhleb the Destroyer
  2624 | D:4      | Reached skill level 5 in Shields
  3370 | D:5      | Entered Level 5 of the Dungeon
  3429 | D:5      | Reached XP level 7. HP: 44/44 MP: 7/7
  3497 | D:5      | Found a hide-covered altar of Uskayaw.
  3682 | D:5      | Reached skill level 5 in Maces & Flails
  3895 | D:6      | Found a blossoming altar of Fedhas.
  3896 | D:6      | Found an iron altar of Okawaru.
  3897 | D:6      | Found a bloodstained altar of Trog.
  4007 | D:6      | Learned a level 3 spell: Stone Arrow
  4052 | D:6      | Reached XP level 8. HP: 43/48 MP: 8/8
  4073 | D:6      | Noticed Pikel
  4081 | D:6      | Killed Pikel
  4081 | D:6      | Reached skill level 5 in Fighting
  4081 | D:6      | Reached skill level 5 in Armour
  4081 | D:6      | Reached skill level 1 in Spellcasting
  4081 | D:6      | Reached skill level 1 in Conjurations
  4081 | D:6      | Reached skill level 1 in Earth Magic
  4155 | D:6      | Reached * piety under Makhleb
  4258 | D:6      | Noticed Eustachio
  4277 | D:6      | Killed Eustachio
  4277 | D:6      | Reached XP level 9. HP: 53/55 MP: 11/11
  4455 | D:6      | Found a basalt altar of Yredelemnul.
  4458 | D:6      | Noticed a profane servitor
  4477 | D:6      | Found a glowing golden altar of the Shining One.
  4480 | D:6      | Noticed an angel
  4853 | D:7      | Found a flagged portal.
  4880 | Bailey   | Entered a bailey
  4885 | Bailey   | Noticed an orc warlord
  4997 | Bailey   | Found a runed gate.
  4999 | Bailey   | Found a runed gate.
  5001 | Bailey   | Found a runed gate.
  5035 | Bailey   | Reached ** piety under Makhleb
  5076 | Bailey   | HP: 2/55 [orc warlord/war axe (1)]
  5091 | Bailey   | Killed an orc warlord
  5091 | Bailey   | Reached XP level 10. HP: 48/63 MP: 12/14
  5169 | Bailey   | Got a shimmering brass amulet
  5170 | Bailey   | Identified the amulet of Hard Scrabble {Harm *Drain rF+ rN+ Str+4 Int-4} (You found it in a bailey)
  5181 | Bailey   | Lost mutation: You are partially covered in yellow scales. (AC +2) [potion of cure mutation]
  5181 | Bailey   | Lost mutation: You are dopey. (Int -2) [potion of cure mutation]
  5181 | Bailey   | Lost mutation: You expend magic power (3 MP) to strengthen your wands. [potion of cure mutation]
  5182 | Bailey   | Gained mutation: You are robust. (+10% HP) [potion of beneficial mutation]
  5264 | D:7      | Paralysed by fainting for 8 turns
  5414 | D:7      | Noticed Joseph
  5416 | D:7      | Found Rabor's Antique Armour Shoppe.
  5443 | D:7      | Killed Joseph
  5536 | D:7      | Found a radiant altar of Vehumet.
  6553 | D:8      | Reached *** piety under Makhleb
  7025 | D:9      | Paralysed by fainting for 12 turns
  7099 | D:9      | Reached XP level 11. HP: 74/74 MP: 16/16
  7682 | D:10     | Entered Level 10 of the Dungeon
  7711 | D:10     | Reached skill level 5 in Earth Magic
  7769 | D:10     | Found a staircase to the Lair.
  7907 | D:10     | Noticed Urug
  7927 | D:10     | Killed Urug
  7948 | D:10     | Noticed a hill giant
  7955 | D:10     | Killed a hill giant
  7986 | D:10     | Found a staircase to the Orcish Mines.
  8102 | D:10     | Noticed a hill giant
  8118 | D:10     | Killed a hill giant
  8118 | D:10     | Reached skill level 5 in Conjurations
  8612 | Lair:1   | Entered Level 1 of the Lair of Beasts
  8679 | Lair:1   | Reached **** piety under Makhleb
  9128 | Lair:1   | Reached XP level 12. HP: 80/83 MP: 18/18
  9133 | Lair:1   | Reached skill level 10 in Shields
  9503 | Lair:2   | Reached skill level 10 in Armour
  9604 | Lair:2   | Found a staircase to the Snake Pit.
  9856 | Lair:2   | Noticed a catoblepas
  9886 | Lair:2   | Killed a catoblepas
 10257 | Lair:3   | Noticed a death yak
 10257 | Lair:3   | Noticed a death yak
 10258 | Lair:3   | Noticed a death yak
 10258 | Lair:3   | Noticed a death yak
 10258 | Lair:3   | Noticed a death yak
 10283 | Lair:3   | Killed a death yak
 10302 | Lair:3   | Killed a death yak
 10385 | Lair:3   | Reached skill level 1 in Long Blades
 10463 | Lair:3   | Noticed nefhilion's ghost (journeyman SpEE)
 10472 | Lair:3   | Noticed Gastronok
 10484 | Lair:3   | Killed nefhilion's ghost
 10495 | Lair:3   | Killed Gastronok
 10526 | Lair:3   | Reached skill level 5 in Long Blades
 10536 | Lair:3   | Killed a death yak
 10536 | Lair:3   | Reached XP level 13. HP: 89/89 MP: 20/20
 10753 | Lair:3   | Reached ***** piety under Makhleb
 10940 | Lair:3   | Found a staircase to the Swamp.
 12047 | Lair:5   | Reached skill level 10 in Long Blades
 12119 | Lair:5   | Found a viscous altar of Jiyva.
 12119 | Lair:5   | Found a staircase to the Slime Pits.
 12211 | Lair:5   | Identified a scroll of acquirement
 12212 | Lair:5   | Got a scorched demon whip
 12213 | Lair:5   | Identified the +6 demon whip "Plog" {flame, rElec Dex+2 Stlth+} (You acquired it on level 5 of the Lair of Beasts)
 12260 | Lair:5   | Reached skill level 10 in Maces & Flails
 12283 | Lair:5   | Gained mutation: Your large and strong wings let you fly indefinitely. [Gargoyle growth]
 12283 | Lair:5   | Reached XP level 14. HP: 95/95 MP: 21/21
 12489 | Lair:5   | Reached skill level 5 in Spellcasting
 12634 | Lair:5   | Reached skill level 10 in Fighting
 12958 | Lair:6   | Entered Level 6 of the Lair of Beasts
 13299 | Lair:6   | Found a snail-covered altar of Cheibriados.
 13443 | Lair:6   | Reached ****** piety under Makhleb
 13612 | Lair:6   | Learned a level 6 spell: Iron Shot
 14408 | D:11     | Noticed Fannar
 14456 | D:11     | Killed Fannar
 15700 | D:12     | Reached XP level 15. HP: 87/102 MP: 23/23
 16027 | D:13     | Found a gate to the Vaults.
 16148 | D:13     | Noticed Kirke
 16165 | D:13     | Killed Kirke
 16246 | D:13     | Noticed an orc warlord
 16272 | D:13     | Killed an orc warlord
 16999 | D:14     | Noticed Agnes
 17015 | D:14     | Killed Agnes
 17465 | D:15     | Entered Level 15 of the Dungeon
 17663 | D:15     | Found a staircase to the Depths.
 17751 | D:15     | Noticed Josephine
 17782 | D:15     | Killed Josephine
 17813 | D:15     | Found an iron altar of Okawaru.
 17895 | D:15     | Found a frozen archway.
 17939 | IceCv    | Entered an ice cave
 17943 | IceCv    | Reached XP level 16. HP: 111/111 MP: 26/26
 19354 | D:15     | Noticed Louise
 19388 | D:15     | Killed Louise
 19714 | Orc:1    | Entered Level 1 of the Orcish Mines
 19714 | Orc:1    | Noticed Erica
 19726 | Orc:1    | Killed Erica
 20039 | Orc:2    | Entered Level 2 of the Orcish Mines
 20054 | Orc:2    | Found a staircase to the Elven Halls.
 20336 | Orc:2    | Found a dark tunnel.
 20347 | Volcano  | Entered a volcano
 20445 | Volcano  | Reached XP level 17. HP: 118/118 MP: 26/28
 20806 | Orc:2    | HP: 5/118 [smoke demon/divine providence[an orc sorcerer] (11)]
 20806 | Orc:2    | Paralysed by an orc sorcerer for 5 turns
 20807 | Orc:2    | Incinerated by a smoke demon

Skill      XL: |  1  2  3  4  5  6  7  8  9 10 11 12 13 14 15 16 |
---------------+-------------------------------------------------+-----
Shields        | 4 5 6 7 8 9 10 11 12 13 | 13.4
Maces & Flails | 3 4 5 6 7 8 9 10 11 12 | 12.5
Armour         | 4 5 7 8 9 10 11 12 13 | 13.4
Fighting       | 4 5 7 9 10 11 12 | 12.6
Spellcasting   | 1 3 4 5 6 7 |  7.4
Conjurations   | 1 3 4 5 6 7 8 |  8.6
Earth Magic    | 2 3 4 5 6 7 8 9 |  9.3
Long Blades    | 5 11 | 11.0
Dodging        | |  0.2

Action                   |  1- 3 |  4- 6 |  7- 9 | 10-12 | 13-15 | 16-18 || total
-------------------------+-------+-------+-------+-------+-------+-------++-------
Melee: Flail             |   135 |   296 |   379 |   964 |       |       ||  1774
       Scimitar          |       |       |       |    72 |   320 |       ||   392
       Demon whip        |       |       |       |       |  1210 |   625 ||  1835
 Cast: Stone Arrow       |       |       |       |       |     1 |       ||     1
 Abil: Fly               |       |       |       |       |       |     1 ||     1
  Use: Scroll            |     4 |     5 |     5 |    13 |     7 |     1 ||    35
       Potion            |     3 |     5 |     4 |     8 |     4 |     1 ||    25
 Stab: Petrified         |       |       |       |       |     1 |       ||     1
       Invisible         |       |       |       |       |     1 |       ||     1
  Eat: Chunk             |       |     9 |     6 |    24 |    26 |    11 ||    76
       Meat ration       |       |       |       |     3 |       |       ||     3
       Beef jerky        |       |       |       |     2 |       |       ||     2
       Fruit             |       |       |       |     1 |     2 |       ||     3
Armor: Scale mail        |    87 |     3 |       |       |       |       ||    90
       Plate armour      |       |   225 |   311 |   641 |   882 |   258 ||  2317
Dodge: Dodged            |    43 |    60 |    99 |   196 |   317 |    67 ||   782
Block: Shield            |    82 |   216 |   285 |   604 |   919 |   193 ||  2299
       Large shield      |       |       |       |       |       |   181 ||   181
       Rpst.: Scimitar   |       |       |       |    10 |    30 |       ||    40
